 Dungeon Crawl Stone Soup version 0.26.1-2-gb8aa6d0cf2 (webtiles) character file.

Game seed: 6893165499509333851

279 Gadfly the Skirmisher (level 6, -4/62 HPs)
             Began as an Ogre Monk on Feb 12, 2021.
             Slain by a gnoll sergeant
             ... wielding a +0 trident
              (11 damage)
             ... on level 2 of the Dungeon.
             The game lasted 00:05:53 (3885 turns).

Gadfly the Skirmisher (Ogre Monk)                   Turns: 3885, Time: 00:05:53

Health: -4/62      AC:  4    Str: 18    XL:     6   Next: 26%
Magic:  8/8        EV: 14    Int: 11    God:
Gold:   137        SH:  0    Dex: 11    Spells: 5/5 levels left

rFire    . . .     SeeInvis .   a - +1 mace
rCold    . . .     Faith    .   (no shield)
rNeg     . . .     Spirit   .   b - +1 robe
rPois    .         Reflect  .   (helmet restricted)
rElec    .         Harm     .   (no cloak)
rCorr    .         Rampage  .   (gloves unavailable)
Will     .....                  (boots unavailable)
Stlth    +.........             (no amulet)
HPRegen  0.20/turn              h - +4 ring of evasion
MPRegen  0.11/turn              (no ring)

@: confused, flying, glowing
A: large, unfitting armour, tough skin 1
a: no special abilities


You were on level 2 of the Dungeon.
You visited 1 branch of the dungeon, and saw 3 of its levels.

You collected 137 gold pieces.

Inventory:

Hand Weapons
 a - a +1 mace (weapon)
Missiles
 e - 3 throwing nets
 l - 8 boomerangs (quivered)
Armour
 b - a +1 robe (worn)
Jewellery
 h - a +4 ring of evasion (left hand)
Scrolls
 g - a scroll of enchant armour
Potions
 f - 2 potions of attraction


   Skills:
 - Level 4.0 Fighting
 + Level 3.2 Maces & Flails
 * Level 2.5 Throwing
 * Level 2.1 Armour
 - Level 2.6 Dodging
 - Level 1.4 Stealth
 + Level 2.8 Invocations
 * Level 2.1 Evocations


You had 5 spell levels left.
You didn't know any spells.
Your spell library was empty.

Dungeon Overview and Level Annotations

Branches:
Dungeon (3/15)

Altars:
Elyvilon
Fedhas
Makhleb
Qazlal


Innate Abilities, Weirdness & Mutations

You are too large for most types of armour.
You have tough skin. (AC +1)


Message History

The gnoll shaman hits you with a +0 club!
The gnoll hits you with a +0 club.
* * * LOW HITPOINT WARNING * * *
It was a potion of flight.
You feel very buoyant.
You fly up into the air.
The gnoll sergeant hits you but does no damage.
The gnoll shaman hits you with a +0 club.
* * * LOW HITPOINT WARNING * * *
The gnoll barely misses you.
You are confused.
You feel invigorated.
The gnoll sergeant hits you with a +0 trident!
* * * LOW HITPOINT WARNING * * *
The gnoll shaman hits you with a +0 club.
* * * LOW HITPOINT WARNING * * *
Unknown command.
You closely miss the gnoll. The gnoll closely misses you.
The gnoll sergeant hits you with a +0 trident!
You die...

#.###.#
#.####..#
#..##.#
#...##..#
##.##.#
###.###.#
#..#.#
#.....#
##.#.#
####### #.#.#
#...# ##gg#
#.@# ##g#
#.#### ######
#....# #....#
####.#
#.##.########
####.######
#...........#
#.........#
####.######.#
#.##.####.#
..##.# #.#
#.##....).#


You could see a gnoll sergeant, a gnoll shaman and a gnoll.

Vanquished Creatures
  2 scorpions (D:2)
  8 gnolls (D:3)
  3 adders (D:2)
  3 worms (D:2)
  2 leopard geckos (D:1)
  3 giant cockroaches
  10 goblins
  4 hobgoblins
  6 jackals
  9 kobolds
  A ball python (D:2)
  6 bats
  8 frilled lizards
  9 rats
74 creatures vanquished.

Vanquished Creatures (others)
  8 fungi (D:2)
  4 plants (D:2)
12 creatures vanquished.

Grand Total: 86 creatures vanquished

Notes
Turn   | Place    | Note
-------+----------+-------------------------------------------
     0 | D:1      | Gadfly the Ogre Monk began the quest for the Orb.
     0 | D:1      | Reached XP level 1. HP: 24/24 MP: 1/1
    52 | D:1      | Reached XP level 2. HP: 11/32 MP: 2/2
   586 | D:1      | Reached skill level 1 in Invocations
   654 | D:1      | Reached skill level 1 in Throwing
   654 | D:1      | Reached XP level 3. HP: 39/39 MP: 3/3
   989 | D:2      | Found a blossoming altar of Fedhas.
  1002 | D:2      | Reached skill level 1 in Armour
  1087 | D:2      | Reached skill level 1 in Evocations
  1602 | D:2      | Noticed a scorpion
  1624 | D:2      | Killed a scorpion
  1625 | D:2      | Reached XP level 4. HP: 11/48 MP: 5/5
  2140 | D:2      | Reached XP level 5. HP: 41/54 MP: 6/6
  2579 | D:2      | Noticed an air elemental
  2582 | D:2      | Found a stormy altar of Qazlal.
  2583 | D:2      | Noticed a water elemental
  2583 | D:2      | Noticed a fire elemental
  2738 | D:2      | Found a burning altar of Makhleb.
  2738 | D:2      | Noticed a balrug
  2966 | D:2      | Found a white marble altar of Elyvilon.
  3592 | D:3      | Reached XP level 6. HP: 48/62 MP: 6/8
  3884 | D:2      | HP: 2/62 [gnoll shaman/+0 club (6)]
  3885 | D:2      | Slain by a gnoll sergeant

Illustrated notes

Levels and vault maps discovered:
D:1:      ebering_trefoil_twist, layout_loops_ring
D:2:      layout_basic, elyvilon_altar_3, nicolae_qazlal_style_of_elements,
          makhleb_altar_promises_db, fedhas_altar_3
D:3:      lemuel_castle_with_subvaults [lemuel_castle_interior_carwin_2],
          layout_rooms, minivault_14

Skill      XL: |  1  2  3  4  5 |
---------------+----------------+-----
Invocations    | 1 2 |  2.8
Throwing       | 1 2 |  2.5
Armour         | 1 2 |  2.1
Evocations     | 1 2 |  2.1
Maces & Flails | 3 |  3.2
Fighting       | |  4.0
Dodging        | |  2.6
Stealth        | |  1.4

Action                   |  1- 3 |  4- 6 || total
-------------------------+-------+-------++-------
Melee: Mace              |   134 |   116 ||   250
Throw: Stone             |       |     7 ||     7
       Boomerang         |       |    39 ||    39
  Use: Scroll            |     6 |     4 ||    10
       Potion            |       |     5 ||     5
 Stab: Sleeping          |     2 |     3 ||     5
Armor: Robe              |    23 |    26 ||    49
Dodge: Dodged            |    88 |   118 ||   206
